 Dungeon Sprint DCSS version 0.28.0-53-g5a82cb258f (webtiles) character file.

Game seed: 8617685521038363317

4200000 Zeld the Intangible (level 23, -1/201 HPs)
             Began as a Djinni Monk on June 5, 2022.
             Was the Champion of Makhleb.
             Slain by a destroyer
             ... wielding a +9 vorpal great sword
              (50 damage)
             ... in the Dungeon (Sprint VIII: "Arena of Blood").
             The game lasted 00:01:03 (42 turns).

Zeld the Intangible (Djinni Monk)                     Turns: 42, Time: 00:01:04

Health: -1/201     AC:  3    Str: 18    XL:     23   Next: 27%
Gold:   0          EV: 28    Int: 15    God:    Makhleb [******] SH:  0 Dex: 16

rFire   + + .      SeeInvis .   g - +∞ Axe of Woe
rCold   x . .      Faith    .   (shield currently unavailable)
rNeg    . . .      Spirit   .   a - +0 robe
rPois   ∞          Reflect  .   (no helmet)
rElec   .          Harm     .   (no cloak)
rCorr   .          Rampage  .   (no gloves)
Will    ++...      NoTele   +   (boots unavailable)
Stlth   ++........              (no amulet)
HPRegen 0.43/turn               (no ring)
MPRegen 0.00/turn               (no ring)

@: flying
A: sickness immunity, fire resistance 2, cold vulnerability 1, float, innate
caster, HP casting, extra vitality 1
a: Renounce Religion, Minor Destruction, Lesser Servant of Makhleb, Major
Destruction, Greater Servant of Makhleb


You were in the Dungeon.
You worshipped Makhleb.
Makhleb was exalted by your worship.
You visited 1 branch

Inventory:

Hand Weapons
 g - the +∞ Axe of Woe (weapon)
   (You found it in the Dungeon)
Armour
 a - a +0 robe (worn)
Scrolls
 f - a scroll of blinking
Potions
 b - a potion of curing
 c - a potion of heal wounds
 d - a potion of haste
 e - a potion of berserk rage


   Skills:
 O Level 27 Fighting
 + Level 15.6(18.2) Short Blades
 + Level 15.6(18.2) Long Blades
 O Level 27 Axes
 + Level 14.3(23.6) Maces & Flails
 + Level 14.4(23.6) Polearms
 + Level 14.7(19.8) Staves
 + Level 13.6(15.9) Slings
 + Level 13.5 Bows
 + Level 13.5 Crossbows
 + Level 13.5(15.9) Throwing
 + Level 15.9 Armour
 O Level 27 Dodging
 - Level 1.5 Stealth
 + Level 15.9 Shields
 - Level 3.0 Unarmed Combat
 O Level 27 Spellcasting
 O Level 27 Invocations
 + Level 15.9 Evocations


You had 20 spell levels left.
You knew the following spells:

 Your Spells              Type           Power      Damage    Failure   Level
a - Slow                  Hex            100%       N/A       0%          1
b - Scorch                Fire           100%       2d10      0%          2
c - Summon Guardian Gole  Hex/Summ       79%        N/A       0%          3
d - Petrify               Tmut/Erth      79%        N/A       0%          4
e - Lightning Bolt        Conj/Air       39%        1d58      0%          5
f - Freezing Cloud        Conj/Ice/Air   39%        6-21      0%          5
g - Starburst             Conj/Fire      39%        6d11      0%          6
h - Haunt                 Necr/Summ      39%        N/A       1%          7
i - Monstrous Menagerie   Summ           39%        N/A       1%          7
j - Infestation           Necr           39%        N/A       1%          8
k - Borgnjor's Revivific  Necr           39%        N/A       1%          8
Your spell library was empty.

Dungeon Overview and Level Annotations

Branches:
Dungeon (1/1)

Altars:
Makhleb


Innate Abilities, Weirdness & Mutations

You are immune to sickness and miasma.
You are immune to poison.
Your flesh is very heat resistant. (rF++)
You are vulnerable to cold. (rC-)
You float through the air rather than walking.
You learn spells naturally, not from books.
Your magical power is your life essence.
You have superior vitality. (+4 MHP)


Message History

You hear a shout! x5
A meat berserker comes into view. It is wielding a +9 battleaxe.
Unknown command.
Unknown command.
You dice the meat berserker like an onion!!!!
You dissect the meat berserker like a pig carcass.
You kill the meat berserker!
Makhleb accepts your kill.
You feel better.
The sculptor of flesh appears out of thin air!
A sculptor of flesh comes into view. It is wielding a +9 great sword.
You are engulfed in blazing flames.
You resist.
You hear a shout! x2
The destroyer casts a spell at you.
The destroyer blinks!
You hear a shout! x2
The eight-headed meat hydra calls on the powers of darkness!
The eight-headed meat hydra convulses!
The meat berserker convulses!
The bag of meat convulses!
Your body is wracked with pain!
The bag of meat convulses! x4
You hear a shout! x6
Unknown command.
Unknown command.
You hear a shout! x2
The destroyer gestures at you while chanting.
The destroyer blinks!
The bag of meat is engulfed in blazing flames.
You hear a shout! x2
The eight-headed meat hydra calls on the powers of darkness!
The eight-headed meat hydra convulses!
The meat berserker convulses!
The bag of meat convulses!
Your body is wracked with pain!
* * * LOW HITPOINT WARNING * * *
The bag of meat convulses! x3
You hear a shout!
Items here: )))) ==== †.
The accursed appears out of thin air!
An accursed comes into view.
You hear a shout! x3
The destroyer hits you with a +9 vorpal great sword!!!
You die...

.................
#..........#.#...
#..............§.
#...............
..#........Dz....
........§§.......
........))V.O.M..
#@§o)...# ..
#V)o.o..#
...###)§)o...###.
.....§z)###......
#........_......
......#.....#...
......#_)<._#...
......#.....# ..
#........_......


You could see an accursed, an eight-headed meat hydra, 2 destroyers, 2 sculptors
of flesh, a meat berserker (berserk) and 4 bags of meat.

Vanquished Creatures
  3 vampire knights (D)
  13 ogres (D)
  4 two-headed ogres (D)
  30 orcs (D)
  A skeletal warrior (D)
51 creatures vanquished.

Notes
Turn   | Place    | Note
-------+----------+-------------------------------------------
     0 | D        | Found the +∞ Axe of Woe
     0 | D        | Zeld the Djinni Monk began the quest for the Orb.
     0 | D        | Reached XP level 1. HP: 20/20 MP: 0/0
     0 | D        | Noticed a bag of meat
     4 | D        | Became a worshipper of Makhleb the Destroyer
     4 | D        | Reached * piety under Makhleb
     4 | D        | Reached ** piety under Makhleb
     5 | D        | Killed a bag of meat
     6 | D        | Reached XP level 2. HP: 40/40 MP: 0/0
     6 | D        | Reached XP level 3. HP: 45/45 MP: 0/0
     6 | D        | Learned a level 1 spell: Slow
     6 | D        | Reached XP level 4. HP: 51/51 MP: 0/0
     6 | D        | Reached XP level 5. HP: 57/57 MP: 0/0
     6 | D        | Learned a level 2 spell: Scorch
     6 | D        | Reached XP level 6. HP: 63/63 MP: 0/0
     6 | D        | Reached XP level 7. HP: 68/68 MP: 0/0
     6 | D        | Learned a level 3 spell: Summon Guardian Golem
     6 | D        | Reached XP level 8. HP: 75/75 MP: 0/0
     6 | D        | Reached XP level 9. HP: 80/80 MP: 0/0
     6 | D        | Learned a level 4 spell: Petrify
     6 | D        | Reached XP level 10. HP: 86/86 MP: 0/0
     6 | D        | Reached XP level 11. HP: 92/92 MP: 0/0
     6 | D        | Learned a level 5 spell: Lightning Bolt
     6 | D        | Noticed a bag of meat
     6 | D        | Noticed a bag of meat
     7 | D        | Noticed a bag of meat
     7 | D        | Noticed a meat berserker
     7 | D        | Noticed a bag of meat
     7 | D        | Noticed a meat berserker
     8 | D        | Noticed a meat berserker
     8 | D        | Noticed a bag of meat
     9 | D        | Noticed a meat berserker
     9 | D        | Noticed a bag of meat
     9 | D        | Noticed a bag of meat
     9 | D        | Noticed a bag of meat
    10 | D        | Killed a bag of meat
    10 | D        | Killed a bag of meat
    10 | D        | Killed a meat berserker
    10 | D        | Reached *** piety under Makhleb
    11 | D        | Reached skill level 15 in Invocations
    11 | D        | Reached XP level 12. HP: 47/108 MP: 0/0
    11 | D        | Reached XP level 13. HP: 49/113 MP: 0/0
    11 | D        | Learned a level 5 spell: Freezing Cloud
    11 | D        | Reached XP level 14. HP: 52/121 MP: 0/0
    11 | D        | Killed a meat berserker
    11 | D        | Noticed a bag of meat
    12 | D        | Killed a meat berserker
    12 | D        | Noticed a bag of meat
    12 | D        | Noticed a bag of meat
    12 | D        | Noticed a bag of meat
    12 | D        | Noticed a bag of meat
    13 | D        | Reached skill level 15 in Axes
    13 | D        | Reached XP level 15. HP: 87/132 MP: 0/0
    13 | D        | Learned a level 6 spell: Starburst
    13 | D        | Reached **** piety under Makhleb
    13 | D        | Killed a meat berserker
    14 | D        | Reached skill level 15 in Spellcasting
    14 | D        | Reached XP level 16. HP: 143/143 MP: 0/0
    14 | D        | Noticed a large bag of meat
    14 | D        | Noticed a large bag of meat
    15 | D        | Reached ***** piety under Makhleb
    15 | D        | Noticed a meat berserker
    17 | D        | Reached XP level 17. HP: 154/154 MP: 0/0
    17 | D        | Learned a level 7 spell: Haunt
    18 | D        | Noticed a meat berserker
    19 | D        | Noticed a meat berserker
    20 | D        | Reached ****** piety under Makhleb
    20 | D        | Killed a large bag of meat
    21 | D        | Reached skill level 27 in Dodging
    21 | D        | Reached XP level 18. HP: 155/165 MP: 0/0
    21 | D        | Noticed a destroyer
    21 | D        | Killed a large bag of meat
    21 | D        | Noticed a meat berserker
    22 | D        | Reached skill level 27 in Fighting
    22 | D        | Killed a meat berserker
    23 | D        | Reached XP level 19. HP: 169/174 MP: 0/0
    23 | D        | Learned a level 7 spell: Monstrous Menagerie
    23 | D        | Killed a destroyer
    23 | D        | Noticed a meat berserker
    24 | D        | Reached skill level 27 in Axes
    24 | D        | Reached skill level 27 in Invocations
    24 | D        | Killed a meat berserker
    24 | D        | Noticed a destroyer
    25 | D        | Reached skill level 27 in Spellcasting
    25 | D        | Reached XP level 20. HP: 176/181 MP: 0/0
    25 | D        | Killed a meat berserker
    25 | D        | Noticed a large bag of meat
    26 | D        | Reached skill level 5 in Long Blades
    26 | D        | Reached skill level 5 in Maces & Flails
    26 | D        | Reached skill level 5 in Polearms
    26 | D        | Reached skill level 5 in Staves
    26 | D        | Reached skill level 5 in Slings
    26 | D        | Reached skill level 5 in Shields
    26 | D        | Reached skill level 5 in Evocations
    27 | D        | Reached skill level 5 in Bows
    27 | D        | Reached skill level 5 in Crossbows
    27 | D        | Reached skill level 5 in Throwing
    27 | D        | Killed a meat berserker
    28 | D        | Reached XP level 21. HP: 182/187 MP: 0/0
    28 | D        | Learned a level 8 spell: Infestation
    29 | D        | Killed a meat berserker
    29 | D        | Noticed a meat berserker
    30 | D        | Reached skill level 10 in Short Blades
    30 | D        | Reached skill level 10 in Long Blades
    30 | D        | Reached skill level 10 in Staves
    30 | D        | Reached skill level 10 in Evocations
    31 | D        | Reached skill level 10 in Maces & Flails
    31 | D        | Reached skill level 10 in Polearms
    31 | D        | Killed a large bag of meat
    32 | D        | Reached skill level 10 in Slings
    32 | D        | Reached skill level 10 in Bows
    32 | D        | Reached skill level 10 in Crossbows
    32 | D        | Reached skill level 10 in Throwing
    32 | D        | Reached XP level 22. HP: 189/194 MP: 0/0
    32 | D        | Noticed a meat berserker
    32 | D        | Noticed a large bag of meat
    32 | D        | Noticed an eight-headed meat hydra
    32 | D        | Noticed a destroyer
    33 | D        | Noticed a meat berserker
    33 | D        | Noticed a meat berserker
    34 | D        | Killed a meat berserker
    34 | D        | Killed a destroyer
    36 | D        | Killed a destroyer
    37 | D        | Noticed a destroyer
    38 | D        | Reached skill level 15 in Armour
    38 | D        | Reached skill level 15 in Shields
    38 | D        | Reached skill level 15 in Evocations
    38 | D        | Killed a meat berserker
    38 | D        | Killed a meat berserker
    38 | D        | Noticed a destroyer
    39 | D        | Reached skill level 15 in Short Blades
    39 | D        | Reached skill level 15 in Long Blades
    39 | D        | Reached XP level 23. HP: 170/201 MP: 0/0
    39 | D        | Learned a level 8 spell: Borgnjor's Revivification
    39 | D        | Killed a large bag of meat
    42 | D        | Slain by a destroyer

Illustrated notes

Levels and vault maps discovered:
D:        meatsprint

Skill      XL: |  1  2  3  4  5  6  7  8  9 10 11 12 13 14 15 16 17 18 19 20 21 22 |
---------------+-------------------------------------------------------------------+-----
Fighting       | 13 18 20 22 24 26 27 | 27.0
Axes           | 9 13 15 16 18 21 25 27 | 27.0
Dodging        | 14 19 21 23 25 27 | 27.0
Spellcasting   | 8 12 14 15 17 18 21 27 | 27.0
Invocations    | 11 15 18 19 21 23 26 27 | 27.0
Short Blades   | 3 9 11 15 | 15.6
Long Blades    | 3 9 11 15 | 15.6
Maces & Flails | 2 8 10 14 | 14.3
Polearms       | 2 8 10 14 | 14.4
Staves         | 2 8 11 14 | 14.7
Slings         | 2 7 10 13 | 13.6
Bows           | 2 7 10 13 | 13.5
Crossbows      | 2 7 10 13 | 13.5
Throwing       | 2 7 10 13 | 13.5
Armour         | 2 9 12 15 | 15.9
Shields        | 2 9 12 15 | 15.9
Evocations     | 2 9 12 15 | 15.9
Stealth        | |  1.5
Unarmed Combat | |  3.0

Action                   |  1- 3 |  4- 6 |  7- 9 | 10-12 | 13-15 | 16-18 | 19-21 | 22-24 || total
-------------------------+-------+-------+-------+-------+-------+-------+-------+-------++-------
Melee: Executioner's axe |     1 |       |       |     1 |     3 |     7 |     9 |     6 ||    27
